 Dungeon Crawl Stone Soup version 0.31.0-12-g77e489cdc1 (webtiles) character file.

Game seed: 17486942777808663824

151 Bobsterar the Changeling (level 5, -7/34 HPs)
             Began as an Octopode Shapeshifter on Mar 7, 2024.
             Mangled by Sigmund
             ... wielding a +0 scythe
              (12 damage)
             ... on level 4 of the Dungeon.
             The game lasted 00:04:27 (2754 turns).

Bobsterar the Changeling (Octopode Shapeshifter)    Turns: 2754, Time: 00:04:28

Health: -7/34      AC:  1    Str: 15    XL:     5   Next: 33%
Magic:  7/7        EV: 13    Int: 12    God:
Gold:   122        SH:  0    Dex: 12    Spells: 6/7 levels left

rFire   . .          .
                       - Unarmed
rCold   . . .        (no shield)
rNeg    . . .        (helmet currently unavailable)
rPois   .            (no amulet)
rElec   .            j - ring of flight
rCorr   .            (no ring)
SInv    .            (no ring)
Will    .....        (no ring)
Stlth   ++           (no ring)
HPRegen 0.25/turn    (no ring)
MPRegen 0.10/turn    (no ring)
                     (no ring)

%: no passive effects
@: mighty, beast-form, flying, studying Stealth
A: beast (slay +2), almost no armour, amphibious, 8 rings, camouflage 1,
gelatinous body 1, (nimble swimmer 1), tentacles
a: Begin Untransformation


You were on level 4 of the Dungeon.
You were a hulking beast.
You visited 1 branch of the dungeon, and saw 4 of its levels.

You collected 122 gold pieces.

Inventory:

Armour
 a - a +2 buckler
Jewellery
 j - a ring of flight (left tentacle)
Talismans
 b - a beast talisman (active)
 c - a flux talisman
Scrolls
 e - 2 scrolls of identify
 f - a scroll of amnesia
 g - a scroll of enchant armour {unknown}
 h - a scroll of immolation {unknown}
 i - a scroll of vulnerability {unknown}
Potions
 m - a potion of enlightenment {unknown}
 n - a potion of cancellation {unknown}


   Skills:
 + Level 2.0 Fighting
 + Level 2.8 Dodging
 + Level 3.5 Unarmed Combat
 + Level 1.5 Spellcasting
 * Level 4.0 Shapeshifting


You had 6 spell levels left.
You knew the following spells:

 Your Spells              Type           Power      Damage    Failure   Level
a - Summon Small Mammal   Summ           0%         N/A       28%         1

Your spell library contained the following spells:

 Spells                   Type           Power      Damage    Failure   Level
 Ensorcelled Hibernation  Hex/Ice        0%         N/A       41%         2
 Call Canine Familiar     Summ           0%         N/A       65%         3
 Passwall                 Erth           0%         N/A       65%         3
 Swiftness                Air            0%         N/A       65%         3
 Animate Dead             Necr           0%         N/A       96%         4
 Summon Blazeheart Golem  Fire/Summ      0%         N/A       96%         4
 Haunt                    Necr/Summ      0%         N/A       100%        7
 Infestation              Necr           0%         N/A       100%        8


Dungeon Overview and Level Annotations

Branches:
Dungeon (4/15)
 Temple: D:4-7

Altars:

Annotations:
D:4 Sigmund


Innate Abilities, Weirdness & Mutations

You are a hulking beast.
Your limbs bulge with bestial killing power. (Slay +2)
You cannot wear most types of armour.
You are amphibious.
You can wear up to eight rings at the same time.
Your skin changes colour to match your surroundings (Stealth+).
Your rubbery body absorbs attacks. (AC +1, EV +1)
((You are camouflaged when in or above water. (Stealth+)))
You have tentacles for arms and can constrict up to eight enemies at once.


Message History

Sigmund shouts!
You hear a shout!
A centaur comes into view.
Sigmund mumbles some strange words.
Sigmund flickers and vanishes!
Deactivating autopickup; reactivate with Ctrl-A.
The centaur wields a +0 shortbow.
The centaur shoots an arrow.
The arrow completely misses you.
An orc comes into view. It is wielding a +0 mace.
You are confused.
The centaur shoots an arrow.
You bump into the rock wall.
The centaur shoots an arrow.
The arrow hits you!
The centaur shoots an arrow.
The arrow hits you!
Ouch! That really hurt!
* * * LOW HITPOINT WARNING * * *
The centaur shoots an arrow.
Unknown command.
You feel less confused.
Read: 2 scrolls of fear
Press: ? - help, Q - select action, (/) - cycle Dir - look around, f - activate
As you read the scroll of fear, it crumbles to dust.
You assume a fearsome visage.
Unknown command.
The centaur unwields a +0 shortbow.
The centaur misses you. The centaur closely misses you.
Read: scroll of fear
Press: ? - help, Q - select action, (/) - cycle Dir - look around, f - activate Look: a centaur (chance to affect: 97%)
As you read the scroll of fear, it crumbles to dust.
You assume a fearsome visage.
The centaur looks frightened!
Something hits you!
* * * LOW HITPOINT WARNING * * *
It was a potion of curing.
You feel better.
It was a potion of might.
You feel very mighty all of a sudden. Something hits you!
* * * LOW HITPOINT WARNING * * *
Unknown command.
Something hits you!
You die...

... #.
..c###.
?o....>
.?... ...
#.########
#..c.....#
#.######.#
#.#h.....#
#.#.######
..#.#
#.#.#.#
#.#.#.#
#.#.#.#
#.#.#
#.#.#
#.#.#


There were no monsters in sight!

Vanquished Creatures
  A jelly (D:2)
  Jessica (D:2)
  2 adders (D:3)
  2 dart slugs
  2 ribbon worms (D:2)
  An orc (D:3)
  9 ball pythons
  5 bats
  4 endoplasms
  2 giant cockroaches
  4 hobgoblins
  7 jackals
  A quokka (D:1)
  2 frilled lizards
  5 goblins
  8 kobolds
  5 rats
61 creatures vanquished.

Notes
Turn   | Place    | Note
-------+----------+-------------------------------------------
     0 | D:1      | Bobsterar the Octopode Shapeshifter began the quest for the
                  | Orb.
     0 | D:1      | Reached XP level 1. HP: 13/13 MP: 1/1
   121 | D:1      | Reached XP level 2. HP: 15/18 MP: 2/2
   806 | D:1      | Reached XP level 3. HP: 17/23 MP: 2/4
  1425 | D:2      | Reached skill level 1 in Spellcasting
  1511 | D:2      | Learned a level 1 spell: Summon Small Mammal
  1653 | D:2      | Reached XP level 4. HP: 7/29 MP: 5/5
  1745 | D:2      | Found a faded altar of an unknown god.
  1855 | D:2      | Noticed Jessica
  1861 | D:2      | Killed Jessica
  1862 | D:2      | Reached XP level 5. HP: 24/34 MP: 5/7
  2147 | D:3      | Reached skill level 4 in Shapeshifting
  2731 | D:4      | Noticed Sigmund
  2734 | D:4      | Noticed a centaur
  2754 | D:4      | Mangled by Sigmund

Illustrated notes

Levels and vault maps discovered:
D:1:      elethiomel_arrival_infinity_welcomes_careful_drivers, layout_basic,
          hangedman_decor_riveting, minmay_misc_feat_cross
D:2:      layout_loops_corners, hellmonk_ecumenical_altar_run_dry,
          grunt_decor_resistance, minmay_split_cup_large, uniq_jessica
D:3:      layout_basic, nrook_mini_vaults, chequers_big_river
D:4:      layout_basic, lightli_sewer_entry_pipes, uniq_sigmund,
          uniq_blork_the_orc, uniq_duvessa

Skill      XL: |  1  2  3  4  5 |
---------------+----------------+-----
Spellcasting   | 1 |  1.5
Shapeshifting  | 4 |  4.0
Fighting       | 2 |  2.0
Dodging        | |  2.8
Unarmed Combat | |  3.5

Action                     |  1- 3 |  4- 6 || total
---------------------------+-------+-------++-------
  Melee: Unarmed           |    89 |    38 ||   127
         Constrict         |    19 |    11 ||    30
         Tentacles         |    16 |     7 ||    23
         Punch             |     2 |       ||     2
   Cast: Summon Small Mamm |     2 |       ||     2
    Use: Potion            |     1 |     2 ||     3
         Scroll            |       |     4 ||     4
   Stab: Sleeping          |     8 |     2 ||    10
 Armour: Skin              |    57 |    22 ||    79
  Dodge: Dodged            |    48 |    22 ||    70
   Form: Beast             |     1 |       ||     1
